 Dungeon Crawl Stone Soup version 0.28-a0-1444-g6c55d0bc0c (webtiles) character file.

Game seed: 8167530937989854788

368 GordonOverkill the Ducker (level 6, -5/28 HPs)
             Began as a Felid Warper on Jan 10, 2022.
             Was an Initiate of Kikubaaqudgha.
             Slain by an ogre (23 damage)
             ... on level 5 of the Dungeon.
             The game lasted 00:20:36 (7245 turns).

GordonOverkill the Ducker (Felid Warper)            Turns: 7245, Time: 00:20:37

Health: -5/28      AC:  2    Str:  7    XL:     6   Next: 41%
Magic:  10/10      EV: 20    Int: 15    God:    Kikubaaqudgha [......]
Gold:   185        SH:  0    Dex: 17    Spells: 4/9 levels left
                                        Lives:  0   Deaths: 1

rFire   . . .      SeeInvis +     - Unarmed
rCold   . . .      Faith    .   (shield unavailable)
rNeg    . . .      Spirit   .   (armour unavailable)
rPois   .          Reflect  .   (helmet unavailable)
rElec   .          Harm     .   (cloak unavailable)
rCorr   .          Rampage  .   (gloves unavailable)
Will    .....                   (boots unavailable)
Stlth   ++........              (no amulet)
HPRegen 0.09/turn               (no ring)
MPRegen 0.12/turn               (no ring)

@: marked, quick
A: very small, claws 1, fangs 3, see invisible, speed 1, shaggy fur 2, stealthy
paws, no weapons or thrown items, no armour, multi-lived
a: Renounce Religion


You were on level 5 of the Dungeon.
You worshipped Kikubaaqudgha.
Kikubaaqudgha was noncommittal.
You visited 2 branches of the dungeon, and saw 6 of its levels.

You collected 185 gold pieces.

Inventory:

Scrolls
 a - a scroll of blinking
 e - a scroll of fear
 f - a scroll of holy word {unknown}
 g - a scroll of immolation {unknown}
 h - a scroll of enchant armour {unknown}
 i - a scroll of teleportation {unknown}
 j - a scroll of magic mapping {unknown}
 l - 2 scrolls of fog {unknown}
 m - a scroll of amnesia {unknown}
Potions
 d - a potion of brilliance


   Skills:
 + Level 4.2 Fighting
 + Level 5.8 Dodging
 * Level 5.7 Unarmed Combat
 - Level 2.0 Spellcasting
 - Level 4.4 Translocations


You had 4 spell levels left.
You knew the following spells:

 Your Spells              Type           Power      Damage    Failure   Level
a - Blink                 Tloc           28%        N/A       5%          2
b - Teleport Other        Tloc           14%        N/A       11%         3

Your spell library contained the following spells:

 Spells                   Type           Power      Damage    Failure   Level
 Gell's Gravitas          Tloc           14%        N/A       11%         3
 Lesser Beckoning         Tloc           14%        N/A       11%         3
 Freeze                   Ice            4%         1d3       22%         1
 Frozen Ramparts          Ice            2%         1d2       54%         3
 Hailstorm                Conj/Ice       1%         3d3       91%         4
 Manifold Assault         Tloc           14%        N/A       71%         5


Dungeon Overview and Level Annotations

Branches:
Dungeon (5/15)             Temple (1/1) D:4

Altars:
Ashenzari
Cheibriados
Fedhas
Gozag
Kikubaaqudgha
Nemelex Xobeh
Ru
Sif Muna
Uskayaw
Vehumet
Wu Jian
Yredelemnul

Annotations:
D:2 exclusion: downstairs


Innate Abilities, Weirdness & Mutations

You have sharp claws.
You have razor-sharp teeth.
You have supernaturally acute eyesight. (SInv)
You cover ground quickly. (Speed+)
You are covered in thick fur. (AC +2)
Your paws help you pounce on unaware monsters.
You are incapable of wielding weapons or throwing items.
You cannot wear armour.
You gain extra lives every three experience levels.


Message History

There is a stone staircase leading down here.
You climb downwards.
There is a stone staircase leading up here.
You start resting.
An adder comes into view.
You are too injured to fight recklessly!
You are too injured to fight recklessly!
You are too injured to fight recklessly!
The adder hisses angrily.
The adder misses you. The adder completely misses you.
You closely miss the adder. You bite the adder, but do no damage.
The adder misses you.
You scratch the adder.
The adder is moderately wounded.
The adder misses you.
You claw the adder!
You kill the adder!
Kikubaaqudgha accepts your kill.
There is a stone staircase leading up here.
You start resting.
HP restored.
You climb upwards.
The iguana hisses angrily.
The ogre hits you with a +0 giant club!
* * * LOW HITPOINT WARNING * * *
There is a stone staircase leading down, spattered with blood here.
The ogre closely misses you.
You climb downwards.
There is a stone staircase leading up here.
The ogre barely misses you.
The ogre pulls the alarm!
The alarm trap emits a blaring wail!
A sentinel's mark forms upon you.
You hear an angry hiss.
You hear an angry growl.
You hear a shout!
The dart slug launches a dart at you. The slug dart misses you.
The ogre hits you with a +0 giant club!!
Ouch! That really hurt!
You die...
Kikubaaqudgha rasps: "You have failed me!
Welcome... death!"

#...........##
#.###........<#
#.........# ##
#.........# ..
#.........# ..#
#.........# ..#
#........##
####.# #
#.........#
.#...##.##
##.@.......#
.$....#..#
###...O......#
...>...#
#hw..........#
.......#
#.##.........#
.......# #.
##.......##
......###. .
##.....##
.#.........
#######
###.##....
.......


You could see a black bear, an ogre and a dart slug.

Vanquished Creatures
  Sigmund (D:4)
  A necrophage (D:5)
  A bullfrog zombie (D:5)
  A hound (D:3)
  An orc priest (D:3)
  2 orc wizards
  A hound skeleton (D:4)
  6 adders
  An ufetubus (D:5)
  3 worms
  3 dart slugs
  2 orcs (D:3)
  7 ball pythons
  5 bats
  7 endoplasms
  8 giant cockroaches
  11 goblins
  10 hobgoblins
  8 jackals (D:3)
  5 kobolds
  5 quokkas
  4 frilled lizards
  8 rats
101 creatures vanquished.

Notes
Turn   | Place    | Note
-------+----------+-------------------------------------------
     0 | D:1      | GordonOverkill the Felid Warper began the quest for the
                  | Orb.
     0 | D:1      | Reached XP level 1. HP: 9/9 MP: 4/4
   547 | D:1      | Reached XP level 2. HP: 9/13 MP: 6/6
  1390 | D:1      | Reached XP level 3. HP: 14/16 MP: 7/7
  2967 | D:2      | Reached XP level 4. HP: 18/20 MP: 8/8
  3975 | D:3      | Reached XP level 5. HP: 24/24 MP: 9/9
  3978 | D:3      | Learned a level 2 spell: Blink
  3982 | D:3      | Learned a level 3 spell: Teleport Other
  4558 | D:3      | Noticed Sigmund
  5431 | D:4      | Noticed an ogre
  5431 | D:4      | Noticed an ogre
  5662 | D:4      | Found a staircase to the Ecumenical Temple.
  5668 | Temple   | Entered the Ecumenical Temple
  5757 | Temple   | Became a worshipper of Kikubaaqudgha
  5894 | D:3      | Reached skill level 5 in Dodging
  5894 | D:3      | Gained mutation: You are covered in thick fur. (AC +2)
                  | [Felid growth]
  5894 | D:3      | Reached XP level 6. HP: 17/28 MP: 10/10
  6836 | D:5      | Entered Level 5 of the Dungeon
  6856 | D:5      | Reached skill level 5 in Unarmed Combat
  6929 | D:5      | HP: 1/28 [centaur/arrow (9)]
  6929 | D:5      | Slain by a black bear
  6930 | D:5      | Reached XP level 5. HP: 0/25 MP: 7/9
  6975 | D:4      | Killed Sigmund
  6976 | D:4      | Reached XP level 6. HP: 6/28 MP: 10/10
  7245 | D:5      | Slain by an ogre

Illustrated notes

Levels and vault maps discovered:
D:1:      minmay_arrival_split_and_join, layout_basic, serial_bayou_pond_a,
          minmay_3d_cube
D:2:      minmay_razor_zed, layout_basic
D:3:      layout_loops_ring, uniq_sigmund
D:4:      layout_basic, kennysheep_mini, minmay_temple_entry_ruins
D:5:      layout_rooms, kennysheep_pointless_box, kennysheep_generic_room_16
Temple:   nicolae_temple_x_marks_the_god

Skill      XL: |  1  2  3  4  5  6 |
---------------+-------------------+-----
Unarmed Combat | 3 4 5 |  5.7
Dodging        | 4 5 |  5.8
Fighting       | 3 4 |  4.2
Spellcasting   | |  2.0
Translocations | |  4.4

Action                   |  1- 3 |  4- 6 || total
-------------------------+-------+-------++-------
Melee: Unarmed           |   137 |   202 ||   339
       Bite              |    13 |    23 ||    36
       Punch             |     3 |     5 ||     8
 Cast: Teleport Other    |       |     1 ||     1
  Use: Potion            |     2 |     4 ||     6
       Scroll            |       |     2 ||     2
 Stab: Sleeping          |     4 |     4 ||     8
Armor: Skin              |     5 |     9 ||    14
Dodge: Dodged            |    98 |   184 ||   282

Table legend: (Time is in decaauts)
 A = Elapsed time spent in this place.
 B = Non-inter-level travel time spent in this place.
 C = Inter-level travel time spent in this place.
 D = Time resting spent in this place.
 E = Time spent auto-exploring this place.
 F = Levels seen in this place.
 G = Mean time per level.
                   A        B        C        D        E       F      G
               +--------+--------+--------+--------+--------+-----+--------+
         Total |   6400 |   6140 |    260 |   2407 |   1894 |   6 | 1066.7 |
       Dungeon |   6264 |   6009 |    255 |   2352 |   1894 |   5 | 1252.8 |
        Temple |    135 |    131 |      4 |     55 |      0 |   1 |  135.0 |
               +--------+--------+--------+--------+--------+-----+--------+

Top non-repeatable levels by time:
     D:3: 2036 daAuts
     D:2: 1954 daAuts
     D:1: 1495 daAuts
     D:4: 430 daAuts
     D:5: 348 daAuts
  Temple: 135 daAuts
